 Dungeon Crawl Stone Soup version 0.31-a0-595-g4209ae197b (webtiles) character file.

Game seed: 7668157180085521942

36169 Conn the Thaumaturge (level 13, -1/76 HPs)
             Began as an Octopode Fire Elementalist on Aug 20, 2023.
             Was a High Priest of Sif Muna.
             Killed by miscasting Starburst (3 damage)
             ... on level 4 of the Lair of Beasts.
             The game lasted 00:55:27 (14180 turns).

Conn the Thaumaturge (Octopode Fire Elementalist)  Turns: 14180, Time: 00:55:27

Health: -1/76      AC:  1    Str: 11    XL:     13   Next: 88%
Magic:  20/31      EV: 14    Int: 22    God:    Sif Muna [*****.]
Gold:   581        SH:  0    Dex: 18    Spells: 14/40 levels left

rFire   + + .        t - +4 mace of the Last Villages {speed, +Blink rC+++ Str-3}
rCold   + + .        (no shield)
rNeg    . . .        (helmet restricted)
rPois   +            c - amulet of magic regeneration
rElec   .            k - ring of fire
rCorr   .            A - +6 ring of dexterity
SInv    .            d - ring of willpower
Will    +++..        r - ring of poison resistance
Stlth   +++++        s - ring of willpower
HPRegen 0.32/turn    p - ring of willpower
MPRegen 0.62/turn    J - ring of protection from fire
                     C - +6 ring of strength

%: no passive effects
@: very slightly contaminated
A: almost no armour, amphibious, 8 rings, camouflage 1, gelatinous body 1,
(nimble swimmer 1), tentacles
a: Renounce Religion, Evoke Blink, Channel Magic, Forget Spell, Divine Exegesis


You were on level 4 of the Lair of Beasts.
You worshipped Sif Muna.
Sif Muna was extremely pleased with you.
You visited 2 branches of the dungeon, and saw 14 of its levels.

You collected 920 gold pieces.
You spent 339 gold pieces at shops.

Inventory:

Hand Weapons
 t - the +4 mace of the Last Villages (weapon) {speed, +Blink rC+++ Str-3}
   (You found it on level 8 of the Dungeon)

   Str-3:     It affects your strength (-3).
   rC+++:     It renders you almost immune to cold.
   +Blink:    It lets you blink.
 w - a +3 scimitar of protection
 y - the +12 long sword "Reqimas" {freeze, Dex+6}
   (You bought it in a shop on level 6 of the Dungeon)

   Dex+6:     It affects your dexterity (+6).
Missiles
 l - 4 curare-tipped darts
 L - a throwing net
Jewellery
 c - an amulet of magic regeneration (around mantle)
 d - a ring of willpower (on tentacle)
 k - a ring of fire (left tentacle)
 m - an amulet of regeneration
 p - a ring of willpower (on tentacle)
 q - a ring of protection from fire
 r - a ring of poison resistance (on tentacle)
 s - a ring of willpower (on tentacle)
 A - a +6 ring of dexterity (right tentacle)
 C - a +6 ring of strength (on tentacle)
 I - an amulet of the acrobat
 J - a ring of protection from fire (on tentacle)
Wands
 o - a wand of flame (48)
 z - a wand of paralysis (6)
 D - a wand of iceblast (6)
 F - a wand of quicksilver (3)
Scrolls
 f - a scroll of vulnerability
 h - a scroll of revelation
 i - 3 scrolls of enchant armour
 n - a scroll of amnesia
 x - 2 scrolls of poison
 G - a scroll of torment {unknown}
 K - 3 scrolls of identify
Potions
 a - 2 potions of magic
 b - 4 potions of curing
 e - 2 potions of haste
 g - 2 potions of brilliance
 u - 3 potions of might
 v - a potion of enlightenment
 E - 2 potions of berserk rage {unknown}
 H - a potion of mutation {unknown}
 M - a potion of ambrosia {unknown}


   Skills:
 + Level 2.3 Fighting
 + Level 1.1(1.7) Short Blades
 + Level 2.0(2.2) Long Blades
 + Level 3.3 Dodging
 + Level 6.6 Stealth
 * Level 14.4 Spellcasting
 * Level 9.5 Conjurations
 + Level 3.8 Hexes
 + Level 3.5 Summonings
 + Level 10.5 Fire Magic
 - Level 6.0 Ice Magic
 * Level 4.8 Invocations


You had 14 spell levels left.
You knew the following spells:

 Your Spells              Type           Power      Damage    Failure   Level
a - Foxfire               Conj/Fire      100%       2x1d9     1%          1
b - Scorch                Fire           100%       2d9       1%          2
c - Inner Flame           Hex/Fire       63%        N/A       1%          3
d - Flame Wave            Conj/Fire      74%        2d16      1%          4
e - Hailstorm             Conj/Ice       50%        3d11      1%          3
f - Summon Guardian Gole  Hex/Summ       31%        N/A       2%          3
g - Summon Small Mammal   Summ           100%       N/A       1%          1
h - Call Canine Familiar  Summ           31%        N/A       2%          3
i - Starburst             Conj/Fire      37%        6d11      10%         6

Your spell library contained the following spells:

 Spells                   Type           Power      Damage    Failure   Level
 Freeze                   Ice            100%       1d10      1%          1
 Kiss of Death            Conj/Necr      100%       2d13      1%          1
 Searing Ray              Conj           100%       2d8       1%          2
 Static Discharge         Conj/Air       72%        2-5/arc   1%          2
 Frozen Ramparts          Ice            84%        1d13      1%          3
 Volatile Blastmotes      Fire/Tloc      100%       2d18      1%          3
 Confusing Touch          Hex            32%        N/A       2%          3
 Freezing Cloud           Conj/Ice/Air   19%        6-21      13%         5
 Arcjolt                  Conj/Air       18%        1d28      16%         5
 Dispel Undead            Necr           15%        3d10      36%         4


Dungeon Overview and Level Annotations

Branches:
Dungeon (9/15)             Temple (0/1) D:6            Lair (5/5) D:8
 Shoals (0/4) Lair:2       Spider (0/4) Lair:2        Slime (0/5) Lair:4
    Orc: D:9-12

Altars:
Makhleb
Nemelex Xobeh
Okawaru
Qazlal
Ru
Sif Muna
Vehumet
Xom
Yredelemnul
Zin

Shops:
D:1 (   D:2 (   D:3 =((   D:6 ((*(?

Annotations:
D:8 1 runed translucent door, Gastronok; blacky4's ghost, novice DsAr


Innate Abilities, Weirdness & Mutations

You cannot wear most types of armour.
You are amphibious.
You can wear up to eight rings at the same time.
Your skin changes colour to match your surroundings (Stealth+).
Your rubbery body absorbs attacks. (AC +1, EV +1)
((You are camouflaged when in or above water. (Stealth+)))
You have tentacles for arms and can constrict up to eight enemies at once.


Message History

Unknown command.
Unknown command.
Casting: Flame Wave (mildly dangerous; 1% risk of failure)
Confirm with . or Enter, or press ? or * to list all spells.
Okay, then.
Unknown command.
Okay, then.
Unknown command.
You feel better. The yak gores you!
* * * LOW HITPOINT WARNING * * *
Okay, then.
Unknown command.
Unknown command.
Casting: Flame Wave (mildly dangerous; 1% risk of failure)
Confirm with . or Enter, or press ? or * to list all spells.
Okay, then.
Unknown command.
Unknown command.
Aiming: Paralyse
Press: ? - help, Shift-Dir - straight line, f - yak
Aim: a yak (grey smoke, moderately wounded, chance to affect: 49%)
Okay, then.
Unknown command.
Aiming: Quicksilver Bolt
Press: ? - help, Shift-Dir - straight line, f - yak
Aim: a yak (grey smoke, moderately wounded, 83% to hit)
Okay, then.
Unknown command.
Unknown command.
Search for what [Enter for "ring", or ? for help]? blink Unknown command.
Okay, then.
Casting: Flame Wave (mildly dangerous; 1% risk of failure)
Confirm with . or Enter, or press ? or * to list all spells.
Casting: Starburst (quite dangerous; 10% risk of failure)
Press: ? - help, Dir - look around, f - activate You feel a surge of power!
You miscast Starburst.
You are very lightly contaminated with residual magic.
Fire whirls out from your tentacles. You resist.
You die...

.....§P....# ..
..._...##...# ..
.....§......## #..
##............P# #..
#.#....§.#§#..####..
#...§##..###..###...
♣.♣♣#§§§.§...##.........
♣...§§§§#...###........
#§§@Y#...###....#...
#.§§§##... #....#...
####.§§§#P..# #..####..
........#...###...###..
........##....#..###...
.........##..##....##...
>....^.....(..##...##...
....)...k.#...##...##...
.........#..###...###..


You could see a yak.

Vanquished Creatures
  5 hydras
  A catoblepas (Lair:2)
  A centaur warrior (D:8)
  Sonja (Lair:3)
  3 skysharks
  Pikel (D:8)
  2 merfolk sirens (Lair:2)
  6 elephants (Lair:2)
  3 black mambas
  A torpor snail (Lair:3)
  Jeremiah (D:7)
  Maggie (D:8)
  5 rime drakes
  6 cane toads
  6 komodo dragons
  A merfolk (Lair:2)
  The ghost of voshxx the Firebug, a novice TeFE (D:5)
  A polar bear (Lair:1)
  2 trolls
  12 blink frogs
  Prince Ribbit (Lair:2)
  A hornet (D:8)
  3 dream sheep (Lair:3)
  A jumping spider (Lair:2)
  A wraith (D:9)
  2 shadows
  2 wyverns
  33 yaks
  Grum (D:9)
  3 basilisks
  3 steam dragons
  An acid dragon (D:8)
  9 water moccasins
  2 orc warriors (D:6)
  An ice beast (D:6)
  2 black bears
  4 ogres
  2 sky beasts
  21 wolves
  A lemure (D:8)
  3 centaurs
  2 kobold brigands
  21 bullfrogs
  3 scorpions
  4 gnoll sergeants
  5 wights (D:8)
  A killer bee (D:8)
  3 electric eels
  4 howler monkeys
  5 gnoll boudas
  15 hounds
  3 jellies
  5 sleepcaps
  7 iguanas
  7 orc wizards
  31 gnolls
  5 adders
  A shadow imp (D:6)
  2 white imps
  2 worms (D:5)
  A dart slug (D:1)
  33 orcs
  11 ball pythons
  5 endoplasms
  4 giant cockroaches
  9 goblins
  6 hobgoblins
  8 jackals
  8 quokkas
  5 bats
  2 frilled lizards (D:3)
  10 kobolds
  3 rats
388 creatures vanquished.

Vanquished Creatures (collateral kills)
  19 foxfires
19 creatures vanquished.

Vanquished Creatures (others)
  Rupert (Lair:3)
  A yak (Lair:1)
  813 foxfires
815 creatures vanquished.

Grand Total: 1222 creatures vanquished

Notes
Turn   | Place    | Note
-------+----------+-------------------------------------------
     0 | D:1      | Conn the Octopode Fire Elementalist began the quest for the
                  | Orb.
     0 | D:1      | Reached XP level 1. HP: 11/11 MP: 3/3
   396 | D:1      | Reached XP level 2. HP: 6/17 MP: 5/5
   469 | D:1      | Found Pul Tuno's Antique Weapon Shoppe.
  1171 | D:2      | Found a sparkling altar of Nemelex Xobeh.
  1432 | D:2      | Reached XP level 3. HP: 21/21 MP: 1/6
  1435 | D:2      | Learned a level 2 spell: Scorch
  1439 | D:2      | Learned a level 3 spell: Inner Flame
  1536 | D:2      | Found a shimmering altar of Xom.
  1770 | D:2      | Found Turotaruzu's Weapon Boutique.
  2272 | D:3      | Found a basalt altar of Yredelemnul.
  2299 | D:3      | Reached XP level 4. HP: 25/27 MP: 0/8
  2372 | D:3      | Found Ofoib's Jewellery Emporium.
  2642 | D:3      | Reached skill level 3 in Spellcasting
  2672 | D:3      | Found a sacrificial altar of Ru.
  2682 | D:3      | Found a sparkling altar of Nemelex Xobeh.
  2752 | D:3      | Reached XP level 5. HP: 30/31 MP: 9/9
  2906 | D:3      | Found Nalaeg's Weapon Shop.
  2959 | D:3      | Found Duihul's Antique Weapon Emporium.
  3340 | D:4      | Noticed an ogre
  3346 | D:4      | Killed an ogre
  3347 | D:4      | Reached skill level 4 in Spellcasting
  3347 | D:4      | Reached XP level 6. HP: 36/36 MP: 4/12
  3588 | D:5      | Entered Level 5 of the Dungeon
  3619 | D:5      | Noticed a black bear
  3623 | D:5      | Killed a black bear
  3678 | D:5      | Reached XP level 7. HP: 41/41 MP: 9/13
  3807 | D:1      | Bought an ichor-stained short sword for 144 gold pieces
  3807 | D:1      | Identified the +1 short sword of the Poles {venom, Str+2}
                  | (You bought it in a shop on level 1 of the Dungeon)
  3917 | D:5      | Found a runed translucent door.
  3920 | D:5      | Noticed voshxx's ghost (novice TeFE)
  3928 | D:5      | Reached skill level 5 in Spellcasting
  3934 | D:5      | Killed voshxx's ghost
  3935 | D:5      | Reached skill level 1 in Short Blades
  3946 | D:5      | Reached XP level 8. HP: 47/47 MP: 2/16
  3975 | D:5      | Found a runed translucent door.
  4052 | D:5      | Reached skill level 5 in Fire Magic
  4325 | D:5      | Learned a level 4 spell: Flame Wave
  4329 | D:5      | Learned a level 3 spell: Hailstorm
  4625 | D:6      | Reached skill level 6 in Spellcasting
  4631 | D:6      | Found Mugazxuine's Magic Scroll Shoppe.
  4667 | D:6      | Reached skill level 1 in Ice Magic
  4671 | D:6      | Reached skill level 1 in Fighting
  4777 | D:6      | Found a radiant altar of Vehumet.
  4781 | D:6      | Found a shimmering blue altar of Sif Muna.
  4789 | D:6      | Became a worshipper of Sif Muna the Loreminder
  4937 | D:6      | Found Woqueh's Assorted Antiques.
  4957 | D:6      | Found Cimide's Antique Weapon Emporium.
  5069 | D:6      | Found Qumaf's Weapon Emporium.
  5122 | D:6      | Reached skill level 7 in Spellcasting
  5122 | D:6      | Reached XP level 9. HP: 45/53 MP: 7/19
  5150 | D:6      | Found a staircase to the Ecumenical Temple.
  5259 | D:6      | Reached * piety under Sif Muna
  5281 | D:6      | Found Yhucaqah's Antique Weapon Shop.
  5290 | D:6      | Bought a crystal long sword for 195 gold pieces
  5290 | D:6      | Identified the +12 long sword "Reqimas" {freeze, Dex+6}
                  | (You bought it in a shop on level 6 of the Dungeon)
  5460 | D:6      | Reached skill level 1 in Long Blades
  5469 | D:6      | Noticed a troll
  5487 | D:6      | Killed a troll
  5488 | D:6      | Reached skill level 8 in Spellcasting
  5488 | D:6      | Reached skill level 5 in Conjurations
  5756 | D:7      | Reached skill level 5 in Stealth
  5821 | D:7      | Noticed Jeremiah
  5832 | D:7      | Killed Jeremiah
  5843 | D:7      | Reached XP level 10. HP: 58/58 MP: 11/22
  5878 | D:7      | Reached ** piety under Sif Muna
  6091 | D:7      | Identified the +0 ring mail of Disguise {Int+3}
  6108 | D:7      | Reached skill level 9 in Spellcasting
  6586 | D:8      | Noticed an angel
  6603 | D:8      | Reached skill level 1 in Hexes
  6642 | D:8      | Found a glowing silver altar of Zin.
  6642 | D:8      | Found a shimmering altar of Xom.
  6647 | D:8      | Found a staircase to the Lair.
  6647 | D:8      | Identified the +4 mace of the Last Villages {speed, +Blink
                  | rC+++ Str-3}
  6736 | D:8      | Noticed Maggie
  6745 | D:8      | Killed Maggie
  6791 | D:8      | Found a runed translucent door.
  6791 | D:8      | Noticed blacky4's ghost (novice DsAr)
  6813 | D:8      | Reached skill level 10 in Spellcasting
  7003 | D:8      | Noticed Pikel
  7011 | D:8      | Killed Pikel
  7238 | D:8      | Noticed a centaur warrior
  7242 | D:8      | Killed a centaur warrior
  7243 | D:8      | Reached XP level 11. HP: 58/63 MP: 19/25
  7499 | D:8      | Noticed Gastronok
  7973 | D:8      | Found a burning altar of Makhleb.
  8076 | D:8      | Learned a level 3 spell: Summon Guardian Golem
  8078 | D:8      | Learned a level 1 spell: Summon Small Mammal
  8082 | D:8      | Learned a level 3 spell: Call Canine Familiar
  8110 | D:9      | Reached *** piety under Sif Muna
  8614 | D:9      | Noticed Grum
  8618 | D:9      | Killed Grum
  8619 | D:9      | Reached skill level 11 in Spellcasting
  8776 | D:9      | Reached skill level 1 in Summonings
  8776 | D:9      | Reached **** piety under Sif Muna
  8777 | D:9      | Reached skill level 5 in Ice Magic
  9084 | D:9      | Found an iron altar of Okawaru.
  9292 | Lair:1   | Entered Level 1 of the Lair of Beasts
 10093 | Lair:1   | Reached XP level 12. HP: 70/70 MP: 23/27
 10289 | Lair:2   | Reached ***** piety under Sif Muna
 10523 | Lair:2   | Noticed a four-headed hydra
 10537 | Lair:2   | Killed a four-headed hydra
 10538 | Lair:2   | Reached skill level 12 in Spellcasting
 10586 | Lair:2   | Noticed Prince Ribbit
 10593 | Lair:2   | Killed Prince Ribbit
 10603 | Lair:2   | Received a gift from Sif Muna
 10604 | Lair:2   | Got Sif Muna's Folio of the Band and Battle Magic {god
                  | gift}
 10740 | Lair:2   | Learned a level 6 spell: Starburst
 10752 | Lair:2   | Noticed a catoblepas
 10773 | Lair:2   | Killed a catoblepas
 10928 | Lair:2   | Found a hole to the Spider Nest.
 10980 | Lair:2   | Reached skill level 13 in Spellcasting
 10984 | Lair:2   | Reached skill level 1 in Invocations
 11148 | Lair:2   | You fall into a shaft and drop 1 floor!
 11148 | Lair:3   | Noticed a five-headed hydra
 11152 | Lair:3   | Noticed a skyshark
 11167 | Lair:3   | Noticed a skyshark
 11169 | Lair:3   | Killed a skyshark
 11410 | Lair:2   | Reached XP level 13. HP: 40/75 MP: 22/30
 11732 | Lair:2   | Found a staircase to the Shoals.
 12173 | Lair:3   | Noticed Rupert
 12360 | Lair:4   | Reached skill level 10 in Fire Magic
 12860 | Lair:3   | Noticed Sonja
 12864 | Lair:3   | Killed Sonja
 13029 | Lair:3   | Killed Rupert
 13030 | Lair:3   | Reached skill level 14 in Spellcasting
 13993 | Lair:5   | Entered Level 5 of the Lair of Beasts
 14077 | Lair:4   | Found a staircase to the Slime Pits.
 14080 | Lair:4   | Found a stormy altar of Qazlal.
 14179 | Lair:4   | HP: 2/76 [yak (11)]
 14180 | Lair:4   | Killed by miscasting Starburst

Illustrated notes

Levels and vault maps discovered:
D:1:      nicolae_arrival_escape_room, layout_basic, serial_shops,
          nicolae_shop_dealshenge, serial_forest, infiniplex_forest_corner_2,
          infiniplex_forest_end_3, infiniplex_forest_clump_large,
          infiniplex_forest_lined_1, infiniplex_forest_lined_room_3,
          infiniplex_forest_straight_2, infiniplex_forest_lined_2,
          infiniplex_forest_corner_1
D:2:      wad_woods_stonehenge, layout_basic, basic_altar, serial_shops, shop
D:3:      layout_rooms, mainiacjoe_overflow_paths,
          mainiacjoe_overflow_catwalk_spiral, serial_shops, nicolae_square_shop,
          nicolae_shop_gibbet_a_chance, nicolae_lakefront_shop,
          minmay_shallow_snake_nest
D:4:      layout_basic
D:5:      layout_basic, ebering_ghost_sewer_f
D:6:      minmay_octagon_keep, layout_gridville, minitemple,
          minmay_temple_entry_nine_rooms, serial_shops, shop, shop, shop, shop,
          nicolae_shop_tiny_real_fake_doors, minmay_misc_feat_alley,
          minmay_strange_pillars, patterned_corridor
D:7:      layout_basic, uniq_jeremiah
D:8:      wad_guarded_room, layout_basic,
          grunt_temple_overflow_order_and_chaos_1, bloody_makhleb,
          gammafunk_ghost_grave, uniq_maggie, uniq_gastronok, uniq_pikel
D:9:      layout_cave_pools, okawaru_gym_becter, serial_gnoll_camp,
          grums_kennel, gnoll_camp_mini_hut, gnoll_camp_mini_hut,
          gnoll_camp_mini_doghouse, gnoll_camp_huts_moat, gnoll_camp_mini_hut
Lair:1:   layout_roguey, grunt_megastairs_3
Lair:2:   layout_long_grid, elwin_shoals_entry_rooms, spider_nest_entry_rubble,
          nicolae_lair_grazing_beasts [nicolae_sub_lair_graze_edge,
          nicolae_sub_lair_graze_edge, nicolae_sub_lair_graze_edge,
          nicolae_sub_lair_graze_edge], uniq_prince_ribbit2
Lair:3:   layout_cave_pods, grunt_megastairs_1, uniq_rupert, uniq_sonja
Lair:4:   nzn_winding_woodlands_large [nzn_winding_woodlands_5x5_cross,
          nzn_winding_woodlands_5x15_pool, nzn_winding_woodlands_hourglass,
          nzn_winding_woodlands_center_lodge,
          nzn_winding_woodlands_15x15_five_gardens,
          nzn_winding_woodlands_center_garden,
          nzn_winding_woodlands_5x5_default,
          nzn_winding_woodlands_5x15_split_checker,
          nzn_winding_woodlands_5x5_three], layout_long_grid, slime_entry_1,
          basic_altar, serial_bayou_pond_c
Lair:5:   due_jungle_book, layout_regular_city, basic_altar, st_stairs_10,
          serial_bayou_shore_a

Skill      XL: |  1  2  3  4  5  6  7  8  9 10 11 12 13 |
---------------+----------------------------------------+-----
Stealth        | 3 4 5 6 |  6.6
Spellcasting   | 3 4 5 7 8 10 11 13 14 | 14.4
Conjurations   | 2 3 4 5 6 7 8 9 |  9.5
Fire Magic     | 4 5 6 7 8 9 10 | 10.5
Short Blades   | 1 |  1.1
Ice Magic      | 2 3 4 5 6 |  6.0
Fighting       | 1 2 |  2.3
Long Blades    | 1 2 |  2.0
Hexes          | 1 3 |  3.8
Dodging        | 3 |  3.3
Summonings     | 2 3 |  3.5
Invocations    | 1 4 |  4.8

Action                     |  1- 3 |  4- 6 |  7- 9 | 10-12 | 13-15 || total
---------------------------+-------+-------+-------+-------+-------++-------
  Melee: Dagger            |    39 |    29 |       |       |       ||    68
         Constrict         |    11 |    10 |     5 |    11 |       ||    37
         Unarmed           |     2 |       |       |       |       ||     2
         Tentacles         |     9 |     9 |     6 |    13 |       ||    37
         Short sword       |       |       |    11 |       |       ||    11
         Scimitar          |       |       |     2 |       |       ||     2
         Punch             |       |       |     1 |     2 |       ||     3
         Long sword        |       |       |     7 |     5 |       ||    12
         Mace              |       |       |       |    39 |       ||    39
   Cast: Foxfire           |    29 |    81 |    97 |   191 |    79 ||   477
         Scorch            |     3 |     7 |    58 |    89 |    53 ||   210
         Inner Flame       |       |       |     9 |    27 |    14 ||    50
         Hailstorm         |       |       |     5 |     5 |     2 ||    12
         Flame Wave        |       |       |     5 |    39 |    24 ||    68
         Summon Guardian G |       |       |       |     4 |     1 ||     5
         Call Canine Famil |       |       |       |     2 |     1 ||     3
         Starburst         |       |       |       |       |     5 ||     5
  Evoke: Wand              |       |       |       |     1 |       ||     1
    Use: Scroll            |     1 |     1 |     9 |    13 |     2 ||    26
         Potion            |       |       |       |     5 |     4 ||     9
   Stab: Sleeping          |     8 |       |     4 |     4 |       ||    16
 Armour: Skin              |     2 |     3 |     3 |     6 |     9 ||    23
  Dodge: Dodged            |    20 |    32 |    35 |    74 |    32 ||   193

Table legend: (Time is in decaauts)
 A = Elapsed time spent in this place.
 B = Non-inter-level travel time spent in this place.
 C = Inter-level travel time spent in this place.
 D = Time resting spent in this place.
 E = Time spent auto-exploring this place.
 F = Levels seen in this place.
 G = Mean time per level.
                   A        B        C        D        E       F      G
               +--------+--------+--------+--------+--------+-----+--------+
         Total |  14182 |  13642 |    540 |   1810 |   7924 |  14 | 1013.0 |
       Dungeon |   9290 |   8803 |    487 |    689 |   5333 |   9 | 1032.2 |
          Lair |   4891 |   4838 |     53 |   1121 |   2591 |   5 |  978.2 |
               +--------+--------+--------+--------+--------+-----+--------+

Top non-repeatable levels by time:
  Lair:2: 1564 daAuts
     D:8: 1550 daAuts
  Lair:3: 1540 daAuts
     D:1: 1230 daAuts
     D:9: 1188 daAuts
  Lair:1: 1144 daAuts
     D:2: 1136 daAuts
     D:6: 1135 daAuts
     D:5: 859 daAuts
     D:7: 803 daAuts
     D:3: 797 daAuts
     D:4: 588 daAuts
  Lair:4: 581 daAuts
  Lair:5: 60 daAuts
